Map: Cerulean Fall LE

Players

Neeb

  • Race: Protoss Protoss
  • Spawn Location: 1:00

Semper - Winner!

  • Race: Terran Terran
  • Spawn Location: 7:00

Event: WCS Montreal 2018

VOD

Have the link to the VOD?

Description

Time

  • Played on: Sept. 7, 2018, 7:02 p.m.
  • Length: 10:57

All games in this series

Show
View Real Time Build Order
Export as new Build Order

Neeb Protoss 

Build Orders: 1 Gate Expand 

Get SALT Encoding   

  12  0:00  Probe  
  13  0:13  Probe  
  14  0:19  Pylon  
  14  0:24  Probe  
  15  0:33  Probe  
  15  0:40  Gateway  
  15  0:41  Probe  
  16  0:48  Assimilator  
  17  0:51  Probe  
  18  1:03  Probe  
  19  1:15  Probe  
  20  1:26  Cybernetics Core  
  20  1:34  Nexus  
  20  1:39  Zealot  
  22  1:47  Pylon  
  22  1:51  Probe  
  23  1:57  Assimilator  
  23  2:00  Adept  
  23  2:05  Probe  
  26  2:17  Probe  
  27  2:24  Robotics Facility  
  27  2:29  Stalker, Probe  
  30  2:41  Shield Battery  
  29  2:46  Probe  
  30  2:53  Shield Battery  
  30  2:55  Warp Gate  
  30  2:58  Stalker  
  31  3:04  Immortal  
  34  3:19  Probe  
  37  3:22  Probe  
  38  3:31  Probe  
  39  3:34  Probe  
  39  3:40  Pylon  
  40  3:42  Observer  
  40  3:43  Probe  
  40  3:47  Probe  
  40  3:48  Stalker  
  43  3:55  Probe  
  46  3:59  Probe  
  46  4:02  Gateway  
  47  4:07  Probe  
  49  4:10  Stalker, Observer  
  48  4:17  Probe  
  48  4:18  Observer  
  48  4:19  Probe  
  47  4:29  Probe  
  47  4:31  Probe  
  47  4:38  Probe  
  48  4:44  Probe  
  50  4:46  Probe  
  51  4:55  Probe  
  51  4:56  Probe  
  53  5:00  Pylon  
  53  5:01  Pylon  
  53  5:06  Assimilator  
  53  5:07  Probe, Assimilator  
  54  5:15  Robotics Bay  
  54  5:18  Probe  
  54  5:19  Probe, Forge  
  49  5:30  Probe  
  37  5:36  Stalker  
  37  5:37  Probe  
  37  5:39  Probe  
  38  5:45  Probe  
  38  5:47  Probe  
  38  5:48  Observer  
  39  5:54  Probe  
  40  5:57  Probe  
  42  6:05  Warp Prism  
  42  6:06  Probe  
  42  6:10  Probe  
  44  6:14  Probe  
  47  6:22  Probe x2, Sentry  
  50  6:28  Stalker  
  53  6:33  Probe  
  53  6:34  Disruptor, Probe  
  55  6:44  Gravitic Drive  
  55  6:46  Probe  
  59  6:48  Probe  
  60  6:58  Probe  
  60  7:00  Probe  
  62  7:05  Disruptor  
  62  7:08  Sentry  
  64  7:10  Probe  
  64  7:12  Probe  
  64  7:14  Pylon  
  69  7:20  Pylon  
  70  7:22  Probe  
  70  7:24  Probe  
  70  7:30  Gateway  
  70  7:31  Gateway  
  70  7:34  Probe  
  70  7:37  Probe  
  72  7:38  Disruptor  
  75  7:47  Probe  
  76  7:52  Stalker  
  76  7:53  Stalker  
  76  7:57  Pylon  
  80  8:05  Disruptor  
  80  8:12  Probe x2  
  82  8:19  Nexus  
  85  8:23  Protoss Ground Armor Level 1  
  85  8:36  Stalker x2  
  85  8:39  Disruptor  
  85  8:40  Pylon  
  92  8:46  Probe x2  
  94  8:52  Pylon  
  94  8:54  Pylon  
  96  9:05  Disruptor  
  96  9:06  Stalker  
  96  9:07  Stalker x2  
  98  9:23  Stalker  
  98  9:41  Disruptor  
  98  9:42  Probe  
  98  9:43  Stalker  
  98  9:44  Stalker x2  
  98  9:45  Probe  
  103  9:46  Probe  
  104  9:55  Probe  
  104  9:57  Probe  
  103  10:03  Probe  
  103  10:04  Pylon  
  105  10:07  Probe  
  105  10:09  Probe  
  105  10:10  Stalker x4  
  114  10:16  Assimilator x2  
  90  10:39  Probe  
  90  10:42  Stalker x4  
  93  10:44  Probe  
Show
View Real Time Build Order
Export as new Build Order

Semper Terran - Winner!

Build Orders: Cyclone Opening, MMM Bio 

Get SALT Encoding   

  12  0:00  SCV  
  13  0:12  SCV  
  14  0:18  Supply Depot  
  14  0:25  SCV  
  15  0:39  SCV  
  15  0:41  Barracks  
  16  0:46  Refinery  
  16  0:51  SCV  
  17  0:58  Refinery  
  17  1:03  SCV  
  18  1:16  SCV  
  19  1:27  Marine  
  19  1:28  Orbital Command  
  20  1:36  Factory  
  20  1:46  Supply Depot  
  20  1:48  Barracks Reactor  
  21  1:54  SCV  
  21  2:06  SCV  
  22  2:18  SCV  
  23  2:26  Supply Depot  
  23  2:31  Cyclone  
  23  2:32  Cyclone  
  23  2:35  SCV  
  30  2:44  Starport  
  30  2:47  SCV  
  31  3:01  SCV  
  31  3:04  Hellion x2  
  36  3:10  Supply Depot  
  36  3:13  SCV  
  37  3:23  Medivac  
  39  3:31  SCV  
  40  3:36  Hellion x2  
  40  3:38  Supply Depot  
  44  3:44  SCV  
  44  3:46  Liberator  
  45  3:59  Widow Mine  
  45  4:00  Widow Mine  
  52  4:16  Command Center  
  52  4:23  SCV  
  51  4:29  Barracks Reactor  
  51  4:35  SCV  
  51  4:36  Widow Mine  
  54  4:41  Supply Depot  
  54  4:45  Barracks  
  54  4:47  SCV  
  55  5:03  SCV  
  56  5:09  Marine x2  
  56  5:13  Barracks  
  58  5:15  Engineering Bay, SCV  
  59  5:27  SCV  
  56  5:28  Marine  
  56  5:29  Marine  
  57  5:37  Barracks Tech Lab  
  57  5:39  Barracks  
  57  5:40  Orbital Command  
  57  5:41  Barracks  
  53  5:45  Bunker  
  53  5:47  SCV  
  54  5:56  Stimpack, Marine x3  
  57  5:59  SCV  
  58  6:07  SCV  
  60  6:11  SCV  
  60  6:13  Barracks Reactor  
  60  6:16  Refinery  
  60  6:17  Terran Infantry Weapons Level 1  
  60  6:21  Marine x2  
  63  6:25  SCV  
  63  6:30  Barracks Reactor, Factory Reactor  
  63  6:31  Barracks Tech Lab  
  63  6:32  SCV  
  64  6:36  Marine, Supply Depot  
  65  6:40  SCV  
  65  6:44  Marine x2  
  68  6:51  SCV  
  68  6:53  Marine, Supply Depot  
  70  6:55  Barracks Tech Lab  
  70  7:02  SCV  
  70  7:03  Medivac  
  70  7:04  Medivac, Supply Depot  
  70  7:08  Missile Turret  
  75  7:10  Marauder, Marine  
  75  7:11  Marauder  
  75  7:15  SCV x2, Marine  
  83  7:25  Marine  
  83  7:26  Marauder  
  83  7:27  SCV  
  83  7:28  Marine x2  
  90  7:30  Widow Mine  
  90  7:35  Medivac  
  90  7:36  Medivac  
  91  7:51  Marine  
  91  7:52  Marauder, Marine  
  95  8:00  Marine x2  
  95  8:01  Marauder  
  95  8:04  Bunker, Supply Depot  
  93  8:08  Siege Tank  
  93  8:09  Marine  
  97  8:14  SCV x2, Marine  
  97  8:15  Marauder, Missile Turret  
  102  8:25  Marine x2  
  102  8:26  Marauder, SCV  
  104  8:34  Marine  
  104  8:40  Siege Tank  
  108  8:43  Supply Depot  
  108  8:45  Combat Shields  
  108  8:46  Concussive Shells  
  108  8:50  Marine  
  109  9:02  Marauder  
  110  9:04  Marine  
  110  9:06  Medivac  
  110  9:07  Medivac  
  115  9:15  SCV x2  
  113  9:17  Marine x2, Supply Depot  
  113  9:18  Marauder, Marine  
  118  9:29  Marine  
  118  9:32  Marine  
  118  9:34  Marauder  
  118  9:35  Marine  
  118  9:36  Medivac  
  118  9:37  SCV  
  114  9:40  Marine  
  114  9:42  Siege Tank  
  117  9:45  Marine  
  117  9:50  Marauder, Marine x2  
  121  9:55  Marine  
  121  9:57  Marine  
  121  9:58  Marauder  
  125  10:00  Supply Depot  
  125  10:01  Supply Depot  
  125  10:02  Marine  
  125  10:03  Marine  
  127  10:08  Marine  
  128  10:18  Marine x2  
  128  10:19  Marauder  
  129  10:24  Marine x4  
  129  10:26  Marine  
  114  10:36  Marine x2  
Tags
 
Add a new tag
Caveats
  • Supply blocks, unpowered buildings, or Contaminate may cause inaccurate times.
  • Supply counts are checked every 10 seconds.